 Dungeon Crawl Stone Soup version 0.23.2-1-ga50397a (webtiles) character file.

Game seed: 7623426832795183440

94 doot the Gusty (level 4, -10/24 HPs)
             Began as a Tengu Air Elementalist on May 10, 2019.
             Mangled by an iguana (13 damage)
             ... on level 4 of the Dungeon.
             The game lasted 00:04:03 (1711 turns).

doot the Gusty (Tengu Air Elementalist)             Turns: 1711, Time: 00:04:04

Health: -10/24     AC:  2    Str:  8    XL:     4   Next: 63%
Magic:  1/9        EV: 13    Int: 16    God:
Gold:   60         SH:  0    Dex: 15    Spells: 2/8 levels left

rFire    . . .     SeeInvis .   e - +0 hand axe (curse)
rCold    + . .     Gourm    .   (no shield)
rNeg     . . .     Faith    .   a - +0 robe
rPois    .         Spirit   .   (helmet restricted)
rElec    .         Reflect  .   (no cloak)
rCorr    .         Harm     .   (no gloves)
MR       .....                  (boots unavailable)
Stlth    ++........             (no amulet)
HPRegen  0.08/turn              l - ring of flight
MPRegen  0.11/turn              k - ring of protection from cold

@: very slightly contaminated
A: beak, talons 3
a: Evoke Flight


You were on level 4 of the Dungeon.
You were not hungry.

You visited 1 branch of the dungeon, and saw 4 of its levels.

You collected 60 gold pieces.

Inventory:

Hand Weapons
 e - a cursed +0 hand axe (weapon)
Armour
 a - a +0 robe (worn)
Jewellery
 k - a ring of protection from cold (right hand)
 l - a ring of flight (left hand)
Scrolls
 b - a scroll of teleportation {unknown}
 f - a scroll of fog {unknown}
 i - a scroll of blinking {unknown}
 j - a scroll of immolation {unknown}
 m - a scroll of amnesia {unknown}
Potions
 d - a potion of mutation {unknown}
 g - a potion of lignification {unknown}
 h - a potion of agility {unknown}
 n - 2 potions of invisibility {unknown}
Comestibles
 c - 4 rations


   Skills:
 + Level 0.1 Fighting
 + Level 0.2 Axes
 + Level 2.7 Dodging
 + Level 2.0 Stealth
 + Level 2.6 Spellcasting
 + Level 2.4 Conjurations
 + Level 5.4 Air Magic


You had 2 spell levels left.
You knew the following spells:

 Your Spells              Type           Power        Failure   Level  Hunger
a - Shock                 Conj/Air       ##..         3%          1    #......
b - Swiftness             Chrm/Air       ##......     10%         2    ##.....
c - Static Discharge      Conj/Air       ##......     12%         3    ###....

Your spell library contained the following spells:

 Spells                   Type           Power        Failure   Level  Hunger
 Airstrike                Air            ###.......   21%         4    #####..
 Lightning Bolt           Conj/Air       ##........   71%         5    ######.


Dungeon Overview and Level Annotations

Branches:
Dungeon (4/15)
 Temple: D:4-7

Altars:


Innate Abilities, Weirdness & Mutations

You have a beak for a mouth.
You have claws for feet.


Message History

The iguana is moderately wounded.
You are struck by an arc of lightning.
The lightning grounds out.
The iguana barely misses you.
Unknown command.
Casting: Static Discharge (safe; 12% risk of failure)
Confirm with . or Enter, or press ? or * to list all spells.
You miscast Static Discharge.
You are very lightly contaminated with residual magic.
Wisps of smoke drift from your hands. The iguana bites you!
Unknown command.
Casting: Static Discharge (safe; 12% risk of failure)
Confirm with . or Enter, or press ? or * to list all spells.
You miscast Static Discharge.
You hear a crackling sound.
The iguana bites you!
* * * LOW HITPOINT WARNING * * *
Unknown command.
The iguana bites you!
Ouch! That really hurt!
You die...

#.##.##.# ...
#.# #.##.##.#
... #.
#.##..#.# ....
#.###.#.#
#.###.#.#
#.......#
#####.### #.#
#@# #l#
#####.# ##.##
#....#
#...####.#[#.#
#.#......#.#
#...######.#
##### #. #


You could see an iguana.

Vanquished Creatures
  An iguana (D:4)
  3 adders
  2 orcs (D:3)
  3 bats
  5 giant cockroaches
  5 goblins
  3 hobgoblins
  6 jackals (D:1)
  4 kobolds
  2 frilled lizards
  5 rats
39 creatures vanquished.

Notes
Turn   | Place    | Note
-------+----------+-------------------------------------------
     0 | D:1      | doot the Tengu Air Elementalist began the quest for the
                  | Orb.
     0 | D:1      | Reached XP level 1. HP: 10/10 MP: 4/4
   154 | D:1      | Reached XP level 2. HP: 15/15 MP: 1/6
   261 | D:1      | Learned a level 2 spell: Swiftness
   360 | D:1      | Reached XP level 3. HP: 5/19 MP: 0/7
   659 | D:2      | Learned a level 3 spell: Static Discharge
   672 | D:2      | Reached skill level 5 in Air Magic
  1251 | D:3      | Reached XP level 4. HP: 24/24 MP: 5/8
  1711 | D:4      | Mangled by an iguana

Skill      XL: |  1  2  3  4 |
---------------+-------------+-----
Air Magic      | 5 |  5.4
Conjurations   | 2 |  2.4
Fighting       | |  0.1
Axes           | |  0.2
Dodging        | |  2.7
Stealth        | |  2.0
Spellcasting   | |  2.6

Action                   |  1- 3 |  4- 6 || total
-------------------------+-------+-------++-------
Melee: Hand axe          |    19 |       ||    19
       Kick              |     3 |       ||     3
       Peck              |     2 |       ||     2
 Cast: Shock             |    53 |     5 ||    58
       Static Discharge  |     4 |     5 ||     9
  Use: Potion            |     2 |       ||     2
  Eat: Chunk             |     2 |     2 ||     4
Armor: Robe              |     6 |       ||     6
Dodge: Dodged            |    25 |     3 ||    28
